Map: Interloper LE

Players

Pokebunny - Winner!

  • Race: Terran Terran
  • Spawn Location: 11:00

UpATree

  • Race: Terran Terran
  • Spawn Location: 5:00

Event: WCS Montreal 2017

VOD

Have the link to the VOD?

Description

Time

  • Played on: Sept. 8, 2017, 11:45 a.m.
  • Length: 8:55

All games in this series

Show
View Real Time Build Order
Export as new Build Order

Pokebunny Terran - Winner!

Build Orders: 1/1/1, Cyclone Opening 

Get SALT Encoding   

  12  0:00  SCV  
  13  0:13  SCV  
  14  0:17  Supply Depot  
  14  0:25  SCV  
  14  0:27  Refinery  
  15  0:38  SCV  
  16  0:44  Barracks  
  16  0:50  SCV  
  17  0:57  Refinery  
  17  1:03  SCV  
  18  1:15  SCV  
  19  1:31  Orbital Command, Reaper  
  20  1:35  Factory  
  20  1:49  Supply Depot  
  20  1:56  SCV  
  21  2:04  Reaper  
  22  2:08  SCV  
  23  2:20  Cyclone  
  23  2:21  SCV  
  27  2:23  Starport  
  27  2:35  Supply Depot, SCV  
  28  2:38  Reaper  
  28  2:52  Cyclone  
  28  2:56  SCV  
  32  3:08  SCV  
  32  3:12  Viking  
  35  3:18  Barracks Tech Lab  
  35  3:20  SCV  
  36  3:30  Factory Tech Lab  
  36  3:32  SCV  
  37  3:35  Supply Depot  
  37  3:39  Command Center  
  37  3:46  SCV  
  35  4:00  SCV  
  35  4:07  Barracks Reactor  
  35  4:08  Raven  
  34  4:24  SCV  
  34  4:29  Siege Tank  
  38  4:52  Marine x2  
  38  4:54  Orbital Command, SCV  
  38  4:57  Refinery  
  39  5:00  Raven  
  39  5:06  SCV  
  42  5:10  Marine x2  
  42  5:12  Command Center  
  44  5:18  SCV  
  44  5:20  Siege Tank, SCV  
  49  5:28  Marine x2  
  50  5:30  SCV  
  50  5:32  SCV  
  50  5:35  Supply Depot  
  54  5:42  SCV  
  54  5:44  SCV  
  54  5:48  Barracks  
  55  5:50  Starport Reactor  
  55  5:51  Barracks  
  55  5:53  Barracks  
  55  5:56  Siege Tank  
  59  5:57  SCV x2  
  59  5:58  Marine  
  59  5:59  Stimpack  
  59  6:03  Refinery  
  61  6:05  Supply Depot  
  61  6:16  Marine  
  61  6:17  SCV x2  
  64  6:25  Supply Depot  
  64  6:26  Engineering Bay x2  
  64  6:27  Orbital Command  
  64  6:28  Siege Tank  
  64  6:31  SCV  
  69  6:32  SCV  
  69  6:36  Marine, Barracks Reactor  
  70  6:42  Medivac x2  
  70  6:44  SCV  
  75  6:55  SCV x2  
  75  6:56  SCV  
  78  7:01  Marine x2  
  78  7:02  Siege Tank, Marine  
  84  7:10  SCV x3  
  84  7:12  Marine x2  
  91  7:19  Marine x2  
  91  7:20  Supply Depot  
  91  7:22  Supply Depot, Medivac  
  91  7:25  Marine  
  91  7:28  SCV x3  
  91  7:29  Medivac  
  97  7:31  Refinery  
  97  7:39  Marine x2  
  97  7:40  Marine x2  
  97  7:42  Siege Tank  
  97  7:43  Marine  
  105  7:49  SCV x3  
  105  7:50  Supply Depot x2  
  107  7:58  Barracks  
  107  8:00  Barracks  
  107  8:01  SCV x2  
  107  8:02  Supply Depot  
  107  8:03  Supply Depot  
  109  8:06  Supply Depot  
  109  8:19  Marine x3  
  111  8:20  Marine x2  
  111  8:22  Siege Tank, Medivac  
  111  8:23  Medivac  
  111  8:25  SCV x2  
  111  8:26  Supply Depot, SCV  
  124  8:32  Supply Depot  
  124  8:35  Armory  
  124  8:37  SCV x2, Refinery  
  126  8:41  SCV  
Show
View Real Time Build Order
Export as new Build Order

UpATree Terran 

Build Orders: 1/1/1, Cyclone Opening 

Get SALT Encoding   

  12  0:00  SCV  
  13  0:13  SCV  
  14  0:17  Supply Depot  
  14  0:25  SCV  
  15  0:29  Refinery  
  15  0:39  SCV  
  16  0:45  Barracks  
  16  0:51  SCV  
  17  0:57  Refinery  
  17  1:03  SCV  
  18  1:15  SCV  
  19  1:32  Orbital Command  
  19  1:33  Reaper  
  19  1:38  Factory  
  20  1:51  Supply Depot  
  20  1:58  SCV  
  21  2:05  Reaper  
  22  2:12  SCV  
  23  2:21  Starport  
  23  2:25  Cyclone  
  24  2:51  Barracks Tech Lab  
  24  2:52  SCV  
  25  3:02  Command Center  
  26  3:05  SCV  
  25  3:14  Cyclone  
  28  3:20  SCV  
  25  3:28  Raven  
  25  3:32  SCV  
  27  3:36  Reaper  
  27  3:39  Supply Depot  
  28  3:43  Command Center  
  28  3:46  SCV  
  28  4:07  Cyclone  
  24  4:19  Reaper  
  24  4:21  SCV  
  21  4:36  SCV  
  18  4:54  Cyclone  
  18  4:58  SCV  
  22  5:07  Marine  
  22  5:10  SCV  
  24  5:20  Orbital Command  
  24  5:23  SCV  
  25  5:31  Factory Tech Lab  
  25  5:40  Barracks, Engineering Bay  
  25  5:43  SCV  
  26  5:50  Stimpack  
  26  5:51  Orbital Command  
  26  5:56  Marine  
  27  6:03  SCV  
  28  6:09  Siege Tank  
  31  6:15  SCV  
  32  6:22  SCV  
  32  6:23  Marine  
  34  6:27  SCV  
  34  6:29  Barracks Reactor  
  34  6:32  Barracks  
  35  6:34  SCV  
  35  6:36  Starport Reactor  
  35  6:39  SCV  
  37  6:41  Supply Depot  
  37  6:47  Siege Tank  
  32  6:56  Marine  
  27  7:12  Marine  
  28  7:19  SCV  
  29  7:26  Marine x2  
  31  7:35  SCV x2  
  33  7:39  Marine  
  33  7:43  Marine  
  34  7:47  SCV x2  
  34  7:48  Marine  
  37  7:53  Supply Depot  
  37  8:02  Marine x2  
  37  8:03  SCV  
  37  8:04  SCV  
  41  8:10  Marine  
  42  8:15  Supply Depot  
  42  8:16  SCV  
  42  8:17  SCV  
  44  8:28  SCV  
  44  8:31  Marine x3  
  44  8:32  SCV  
  49  8:38  Barracks  
  49  8:42  Barracks  
Tags
 
Add a new tag
Caveats
  • Supply blocks, unpowered buildings, or Contaminate may cause inaccurate times.
  • Supply counts are checked every 10 seconds.